 Dungeon Crawl Stone Soup version 0.21.1-1-g345015f (webtiles) character file.

221 suicidejoker the Sneak (level 5, -3/36 HPs)
             Began as an Octopode Monk on Apr 8, 2018.
             Slain by a bullfrog (8 damage)
             ... in a sewer.
             The game lasted 00:06:36 (3019 turns).

suicidejoker the Sneak (Octopode Monk)              Turns: 3019, Time: 00:06:37

Health: -3/36      AC:  1    Str: 11    XL:     5   Next: 98%
Magic:  7/7        EV: 15    Int: 13    God:
Gold:   115        SH:  0    Dex: 14    Spells: 7/7 levels left

rFire    . . .     SeeInvis .   b - +0 hunting sling
rCold    . . .     Gourm    .   (no shield)
rNeg     . . .     Faith    .   (helmet restricted)
rPois    .         Spirit   .   (no amulet)
rElec    .         Reflect  .   (no ring)
rCorr    .         Harm     .   (no ring)
MR       .....                  (no ring)
Stlth    +++++.....             (no ring)
HPRegen  0.12/turn              (no ring)
MPRegen  0.10/turn              (no ring)
                                (no ring)
                                (no ring)

@: no status effects
A: almost no armour, stealthy swim, amphibious, 8 rings, constrict 8, camouflage
1, gelatinous body 1
a: no special abilities


You were in a sewer.
You were hungry.

You visited 1 branch of the dungeon, and saw 3 of its levels.
You also visited: Sewer.

You collected 115 gold pieces.

Inventory:

Hand Weapons
 a - a +1 dagger of freezing
 b - a +0 hunting sling (weapon)
 m - a +0 morningstar
Missiles
 c - 42 arrows
 e - 36 stones (quivered)
 q - 9 bolts
 s - 17 poisoned needles
Scrolls
 f - 2 scrolls of teleportation
 h - a scroll of amnesia
 n - a scroll of blinking {unknown}
Potions
 d - a potion of curing {unknown}
 g - a potion of berserk rage {unknown}
 i - a potion of haste
 j - 2 potions of resistance {unknown}
 k - a potion of mutation {unknown}
 p - a potion of might {unknown}
Comestibles
 l - 5 rations


   Skills:
 + Level 3.4 Fighting
 + Level 1.7 Short Blades
 + Level 0.3 Slings
 + Level 3.7 Dodging
 * Level 4.3 Stealth
 * Level 4.0 Unarmed Combat
 * Level 1.7 Spellcasting


You had 7 spell levels left.
You didn't know any spells.

Dungeon Overview and Level Annotations

Branches:
Dungeon (3/15)

Altars:
Cheibriados
Dithmenos
Sif Muna
Vehumet


Innate Abilities, Weirdness & Mutations

You cannot wear most types of armour.
You are very stealthy in the water. (Stealth+)
You are amphibious.
You can wear up to eight rings at the same time.
You can use your tentacles to constrict eight enemies at once.
Your skin changes colour to match your surroundings (Stealth+).
Your rubbery body absorbs attacks. (AC +1, EV +1)


Message History

Firing (i - inventory):
e - 37 stones (quivered)
Press: ? - help, Shift-Dir - straight line, f/p - bullfrog
Aim: a bullfrog (water, lightly wounded)
You shoot a stone. The bullfrog gives a loud, deep croak!
The leopard gecko hisses angrily.
The stone hits the bullfrog.
The bullfrog is moderately wounded.
You hear a splash.
You are feeling hungry.
The bullfrog misses you. The bullfrog closely misses you.
The bullfrog misses you. The bullfrog hits you! The bullfrog barely misses you.
The bullfrog misses you. The bullfrog hits you! The bullfrog hits you!
The bullfrog barely misses you. The bullfrog hits you!
* * * LOW HITPOINT WARNING * * *
The bullfrog hits you!
You die...

#.# ≈≈≈≈≈..≈≈≈≈≈
#.# #(≈≈.≈..≈≈≈≈
#≈# #≈≈∩.≈≈≈.≈≈≈
#≈# ≈≈≈l≈≈≈≈≈≈≈
#≈# #≈≈≈≈≈≈≈≈≈≈
#≈# #≈F≈≈≈≈≈≈≈≈
#≈# #≈≈≈≈≈≈≈≈≈
#.########≈≈≈≈≈≈≈≈
#≈≈@F.≈≈≈≈≈≈≈≈≈≈..
#≈≈≈F≈≈≈≈≈≈l≈≈≈≈≈≈
#.≈≈≈≈≈≈≈≈≈≈≈≈≈≈≈≈
#.≈≈≈≈≈≈≈≈≈≈≈≈≈≈≈≈
#.......≈.≈≈≈≈≈≈..
##################


You could see 2 bullfrogs.

Vanquished Creatures
  2 orc priests (D:3)
  A bullfrog skeleton (D:2)
  5 adders
  2 worms
  3 dart slugs
  2 leopard geckos (Sewer)
  An orc (D:3)
  2 ball pythons
  6 giant cockroaches
  4 goblins
  8 hobgoblins
  9 jackals
  2 quokkas (D:2)
  9 bats
  7 frilled lizards
  5 kobolds
  7 rats
75 creatures vanquished.

Notes
Turn   | Place    | Note
-------+----------+-------------------------------------------
     0 | D:1      | suicidejoker the Octopode Monk began the quest for the Orb.
     0 | D:1      | Reached XP level 1. HP: 16/16 MP: 1/1
   108 | D:1      | Reached XP level 2. HP: 20/21 MP: 2/2
   475 | D:1      | Reached XP level 3. HP: 26/26 MP: 3/3
  1009 | D:2      | Found a snail-covered altar of Cheibriados.
  1010 | D:2      | Found a radiant altar of Vehumet.
  1423 | D:2      | Found a shadowy altar of Dithmenos.
  1571 | D:2      | Reached skill level 1 in Spellcasting
  1571 | D:2      | Reached XP level 4. HP: 14/31 MP: 5/5
  1909 | D:2      | Found a deep blue altar of Sif Muna.
  2398 | D:3      | Reached XP level 5. HP: 26/36 MP: 5/7
  2401 | D:3      | Reached skill level 1 in Short Blades
  2696 | D:3      | Found a glowing drain.
  2713 | Sewer    | Entered a sewer
  3019 | Sewer    | Slain by a bullfrog

Skill      XL: |  1  2  3  4  5 |
---------------+----------------+-----
Stealth        | 3 4 |  4.3
Spellcasting   | 1 |  1.7
Unarmed Combat | 4 |  4.0
Short Blades   | 1 |  1.7
Fighting       | |  3.4
Slings         | |  0.3
Dodging        | |  3.7

Action                   |  1- 3 |  4- 6 || total
-------------------------+-------+-------++-------
Melee: Unarmed           |    44 |       ||    44
       Constrict         |    24 |    18 ||    42
       Tentacles         |    12 |     8 ||    20
       Dagger            |    34 |    65 ||    99
       Punch             |     1 |       ||     1
 Fire: Hunting sling     |       |    25 ||    25
  Use: Potion            |     1 |     2 ||     3
       Scroll            |       |     7 ||     7
 Stab: Sleeping          |    11 |     3 ||    14
  Eat: Chunk             |     1 |     5 ||     6
Armor: Skin              |     6 |     3 ||     9
Dodge: Dodged            |    53 |    53 ||   106
